 Dungeon Crawl Stone Soup version 0.25.0-9-g26727b657a (webtiles) character file.

Game seed: 7172949595740577708

20666 vurker the Grappler (level 12, -6/107 (108) HPs)
             Began as a Ghoul Monk on June 20, 2020.
             Was a Priest of Makhleb.
             Mangled by a jumping spider (8 damage)
             ... on level 2 of the Lair of Beasts.
             The game lasted 00:25:20 (14740 turns).

vurker the Grappler (Ghoul Monk)                   Turns: 14740, Time: 00:25:21

HP:   -6/107 (108)  AC: 18    Str: 24    XL:     12   Next: 81%
MP:   29/29         EV:  5    Int:  9    God:    Makhleb [***...]
Gold: 463           SH: 13    Dex: 11    Spells: 11/11 levels left

rFire    . . .     SeeInvis .     - Unarmed
rCold    + . .     Gourm    .   b - +0 kite shield (curse)
rNeg     + + +     Faith    .   k - +0 plate armour
rPois    ∞         Spirit   .   w - +1 helmet
rElec    .         Reflect  +   A - +0 cloak "Tiesat" {rCorr Str+4 Int+4}
rCorr    +         Harm     .   H - +0 pair of gloves
MR       .....                  (no boots)
Stlth    ..........             C - amulet of reflection
HPRegen  0.00/turn              F - ring of magical power
MPRegen  0.21/turn              (no ring)

@: marked, very slightly contaminated, rotting
A: rotting body, claws 1, carnivore, cold resistance 1, negative energy
resistance 3, inhibited regeneration, torment resistance, unbreathing
a: Minor Destruction, Lesser Servant of Makhleb, Renounce Religion


You were on level 2 of the Lair of Beasts.
You worshipped Makhleb.
Makhleb was most pleased with you.
You were not hungry.

You visited 3 branches of the dungeon, and saw 14 of its levels.
You also visited: Ossuary.

You collected 672 gold pieces.
You spent 209 gold pieces at shops.

Inventory:

Missiles
 x - a throwing net (quivered)
Armour
 b - a cursed +0 kite shield (worn)
   (You found it on level 1 of the Lair of Beasts)
 k - a +0 plate armour (worn)
   (You found it on level 3 of the Dungeon)
 w - a +1 helmet (worn)
   (You found it on level 6 of the Dungeon)
 A - the +0 cloak "Tiesat" (worn) {rCorr Str+4 Int+4}
   (You bought it in a shop on level 4 of the Dungeon)

   It affects your strength (+4).
   It affects your intelligence (+4).
   It provides partial protection from all sources of acid and corrosion.
 H - a +0 pair of gloves (worn)
   (You found it on level 1 of the Lair of Beasts)
Jewellery
 C - an amulet of reflection (around neck)
   (You found it on level 11 of the Dungeon)
 E - an uncursed ring of fire
   (You found it on level 11 of the Dungeon)
 F - a ring of magical power (left hand)
   (You found it on level 8 of the Dungeon)
 K - an uncursed ring of protection from cold {unknown}
   (You found it on level 2 of the Lair of Beasts)
Wands
 m - a wand of random effects (36)
   (You found it on level 3 of the Dungeon)
 n - a wand of polymorph (14)
   (You found it on level 3 of the Dungeon)
 t - a wand of flame (14)
   (You took it off a big kobold on level 8 of the Dungeon)
 u - a wand of paralysis (3)
   (You found it on level 7 of the Dungeon)
 v - a wand of digging (3)
   (You took it off Ijyb on level 3 of the Dungeon)
Scrolls
 c - 2 scrolls of fog
 i - 4 scrolls of magic mapping
 l - 3 scrolls of teleportation
 o - 5 scrolls of enchant armour
 p - a scroll of blinking
 q - 3 scrolls of noise {unknown}
 r - 2 scrolls of vulnerability {unknown}
 s - 6 scrolls of remove curse
 y - 2 scrolls of summoning {unknown}
 B - a scroll of silence {unknown}
 D - a scroll of fear {unknown}
 I - a scroll of immolation {unknown}
Potions
 a - 9 potions of curing
 d - 2 potions of invisibility
 f - 2 potions of flight
 g - a potion of resistance
 h - 4 potions of might
 j - 3 potions of heal wounds
 z - a potion of ambrosia
 G - a potion of haste
Comestibles
 e - 27 rations


   Skills:
 + Level 10.6 Fighting
 + Level 8.1 Armour
 - Level 2.6 Dodging
 - Level 2.1 Stealth
 + Level 1.2 Shields
 + Level 13.4 Unarmed Combat
 * Level 12.5 Invocations


You had 11 spell levels left.
You didn't know any spells.
Your spell library contained the following spells:

 Spells                   Type           Power        Failure   Level  Hunger
 Magic Dart               Conj           #...         100%        1    ##.....
 Searing Ray              Conj           #.....       100%        2    ###....
 Dazzling Flash           Conj/Hex       #.....       100%        3    ####...
 Fulminant Prism          Conj/Hex       #.........   100%        4    #####..
 Iskenderun's Mystic Bla  Conj/Tloc      #.......     100%        4    #####..


Dungeon Overview and Level Annotations

Branches:
Dungeon (11/15)            Temple (1/1) D:6            Lair (2/6) D:8
 Spider (0/4) Lair:2          Orc (0/2) D:10        Ossuary (visited)
  Swamp: Lair:2-4    Shoals: Lair:2-4

Altars:
Ashenzari
Cheibriados
Dithmenos
Elyvilon
Fedhas
Gozag
Hepliaklqana
Kikubaaqudgha
Makhleb
Nemelex Xobeh
Okawaru
Qazlal
Ru
Sif Muna
Trog
Uskayaw
Vehumet
Wu Jian
Xom
Yredelemnul
Zin
The Shining One

Shops:
D:4 [   D:7 %


Innate Abilities, Weirdness & Mutations

Your body is rotting away.
You thrive on raw meat.
You are immune to poison.
You have sharp fingernails.
You are carnivorous and can eat meat at any time.
Your flesh is cold resistant. (rC+)
You are immune to negative energy. (rN+++)
You do not regenerate when monsters are visible.
You are immune to unholy pain and torment.
You can survive without breathing.


Message History

Makhleb accepts your kill.
The jumping spider leaps! x2
The jumping spider leaps!
The jumping spider pounces on you but does no damage.
The jumping spider bites you but does no damage.
You barely miss the bullfrog.
The bullfrog hits you but does no damage.
You block the jumping spider's attack. x2
Your hellwing completely misses the jumping spider.
Your hellwing hits the jumping spider. You block the bullfrog's attack.
You punch the bullfrog!
You block the jumping spider's attack. x2
The jumping spider pounces on you but does no damage.
The jumping spider barely misses you.
Your hellwing barely misses the jumping spider. x2
You block the bullfrog's attack.
You hit the bullfrog. The jumping spider pounces on you.
* * * LOW HITPOINT WARNING * * *
You are caught in a web!
The jumping spider bites you but does no damage.
The jumping spider pounces on you but does no damage.
The jumping spider bites you but does no damage.
The bullfrog hits you but does no damage.
The jumping spider pounces on you!
* * * LOW HITPOINT WARNING * * *
You are even more entangled.
The jumping spider bites you but does no damage.
Your hellwing hits the jumping spider. x2
The jumping spider pounces on you but does no damage.
The jumping spider bites you but does no damage.
You struggle to detach yourself from the web.
The bullfrog hits you but does no damage.
The jumping spider pounces on your hellwing but does no damage.
The jumping spider barely misses your hellwing.
The jumping spider pounces on you.
* * * LOW HITPOINT WARNING * * *
You are even more entangled.
The jumping spider bites you but does no damage.
The jumping spider pounces on you!
* * * LOW HITPOINT WARNING * * *
The jumping spider bites you but does no damage.
Your hellwing hits the jumping spider.
Your hellwing hits the jumping spider but does no damage.
The bullfrog hits you but does no damage.
The jumping spider completely misses your hellwing.
The jumping spider bites your hellwing.
Unknown command.
The web tears apart.
The jumping spider pounces on you but does no damage.
You block the jumping spider's attack. The jumping spider pounces on you!
You die...

#^^^.##..####.####..P#.#
..^.^###.#####P#......# #...##
###...........##
######^^^#####............#
##.[..##....s#............## ###
#......#.°°...............####.#
##........s..###s..........P#..#.
###......ssP##.4s................
.##........°#..s@F.........#..###
...............#...........####
PP..........####...........#
##.....###.## ##.##...####.#
#####.###### ###...#....P.#
#...#..# #.#........... ##.....#
##.+....<... ##
####PP÷.####..#........
.####........##............


You could see 3 jumping spiders, a bullfrog and a friendly hellwing (summoned).

Vanquished Creatures
  Erolcha (D:9)
  A hydra (D:9)
  Erica (D:9)
  A two-headed ogre (D:10)
  Pikel (D:5)
  A wolf spider (Lair:2)
  2 oklob plants (Lair:2)
  Joseph (D:8)
  A spiny frog (Lair:1)
  A troll (D:10)
  Prince Ribbit (D:6)
  3 hippogriffs
  A redback (Lair:2)
  13 yaks
  A wyvern (D:11)
  A basilisk (Lair:2)
  Menkaure (Ossuary)
  A hungry ghost (D:8)
  Edmund (D:5)
  An acid dragon (D:11)
  2 water moccasins
  5 porcupines
  8 orc warriors
  A sky beast (D:7)
  4 ice beasts
  2 phantoms
  3 black bears
  A necrophage (D:10)
  7 ogres
  4 centaurs
  A big kobold (D:8)
  An elf zombie (D:5)
  10 bullfrogs
  4 elf skeletons (D:5)
  5 scorpions
  4 killer bees
  6 wights
  3 howler monkeys
  4 crimson imps
  2 centaur zombies
  4 hounds
  A bullfrog zombie (D:6)
  6 orc priests
  3 jellies
  11 orc wizards
  A human zombie (D:5)
  A bullfrog skeleton (D:6)
  5 centaur skeletons
  Ijyb (D:3)
  2 iguanas
  Natasha (thrice) (D:3 D:2)
  A human skeleton (D:5)
  14 worker ants
  A hound skeleton (D:7)
  3 mummies (Ossuary)
  3 worker ant zombies
  4 gnolls
  A howler monkey skeleton (D:7)
  19 adders
  5 shadow imps
  An ooze (D:5)
  An adder skeleton (D:6)
  4 dart slugs
  3 worms
  4 leopard geckos
  44 orcs
  4 ball pythons
  2 giant cockroaches
  6 gnoll zombies (Ossuary)
  10 goblins
  8 hobgoblins
  7 jackals
  8 quokkas
  12 bats
  5 frilled lizards
  A giant cockroach zombie (D:5)
  7 gnoll skeletons (Ossuary)
  4 goblin skeletons (Ossuary)
  5 goblin zombies (Ossuary)
  4 hobgoblin skeletons (Ossuary)
  2 hobgoblin zombies (Ossuary)
  6 kobolds
  5 kobold skeletons (Ossuary)
  2 kobold zombies (Ossuary)
  A leopard gecko skeleton (D:5)
  7 orc skeletons
  6 orc zombies (Ossuary)
  3 rats
  2 rat skeletons (Ossuary)
  4 rat zombies (Ossuary)
379 creatures vanquished.

Vanquished Creatures (others)
  9 fungi (D:8)
  6 plants
15 creatures vanquished.

Grand Total: 394 creatures vanquished

Notes
Turn   | Place    | Note
-------+----------+-------------------------------------------
     0 | D:1      | vurker the Ghoul Monk began the quest for the Orb.
     0 | D:1      | Reached XP level 1. HP: 19/19 MP: 0/0
   398 | D:1      | Reached XP level 2. HP: 26/26 MP: 1/1
   952 | D:1      | Reached skill level 4 in Unarmed Combat
  1122 | D:2      | Reached XP level 3. HP: 30/33 MP: 2/2
  1376 | D:2      | Reached XP level 4. HP: 40/40 MP: 3/3
  1583 | D:2      | Reached skill level 5 in Unarmed Combat
  2019 | D:3      | Noticed Natasha
  2055 | D:3      | Killed Natasha
  2055 | D:3      | Reached XP level 5. HP: 22/47 MP: 4/4
  2227 | D:3      | Noticed Ijyb
  2244 | D:3      | Killed Ijyb
  2438 | D:3      | Found a shimmering altar of Xom.
  2546 | D:3      | Noticed Natasha
  2560 | D:2      | Killed Natasha
  2560 | D:2      | Reached skill level 1 in Armour
  2665 | D:2      | Reached XP level 6. HP: 31/53 MP: 5/5
  2695 | D:2      | Noticed Natasha
  2710 | D:2      | Killed Natasha
  2710 | D:2      | Reached skill level 6 in Unarmed Combat
  3697 | D:4      | Found Haassio's Antique Armour Emporium.
  3736 | D:4      | Reached skill level 5 in Fighting
  3929 | D:4      | Found a stormy altar of Qazlal.
  3929 | D:4      | Found an ancient bone altar of Kikubaaqudgha.
  3930 | D:4      | Found an ornate altar of the Wu Jian Council.
  4139 | D:4      | Reached XP level 7. HP: 58/60 MP: 6/6
  4289 | D:4      | Bought a translucent cloak for 209 gold pieces
  4294 | D:4      | Identified the +0 cloak "Tiesat" {rCorr Str+4 Int+4} (You
                  | bought it in a shop on level 4 of the Dungeon)
  4314 | D:5      | Entered Level 5 of the Dungeon
  4323 | D:4      | Reached skill level 7 in Unarmed Combat
  4466 | D:5      | Noticed Pikel
  4593 | D:5      | Reached XP level 8. HP: 60/70 MP: 7/7
  4595 | D:5      | Found a sand-covered staircase.
  4603 | D:5      | Reached skill level 8 in Unarmed Combat
  4606 | Ossuary  | Entered an ossuary
  5057 | Ossuary  | Noticed Menkaure
  5070 | Ossuary  | Killed Menkaure
  5372 | D:5      | Reached skill level 9 in Unarmed Combat
  5616 | D:5      | Killed Pikel
  5616 | D:5      | Reached skill level 10 in Unarmed Combat
  5616 | D:5      | Reached XP level 9. HP: 79/79 MP: 8/8
  5635 | D:5      | Noticed Edmund
  5647 | D:5      | Killed Edmund
  6003 | D:6      | Reached skill level 5 in Armour
  6160 | D:6      | Noticed Prince Ribbit
  6189 | D:6      | Killed Prince Ribbit
  6387 | D:6      | Found a staircase to the Ecumenical Temple.
  6402 | Temple   | Entered the Ecumenical Temple
  6712 | D:6      | Found a glowing golden altar of the Shining One.
  7047 | D:7      | Reached skill level 11 in Unarmed Combat
  7169 | D:7      | Reached XP level 10. HP: 85/89 MP: 9/9
  7291 | D:7      | Found Zure's Food Boutique.
  7921 | D:8      | Reached skill level 10 in Invocations
  7921 | D:8      | Reached XP level 11. HP: 95/95 MP: 9/18
  8267 | D:8      | Got a twisted quarterstaff
  8342 | D:8      | Noticed Joseph
  8363 | D:8      | Killed Joseph
  8460 | D:8      | Found a sacrificial altar of Ru.
  8473 | D:8      | Found a snail-covered altar of Cheibriados.
  8679 | D:8      | Found a staircase to the Lair.
  8755 | D:8      | Reached skill level 12 in Unarmed Combat
  9618 | D:9      | Noticed Erolcha
  9621 | D:9      | Noticed a six-headed hydra
  9622 | D:9      | Paralysed by Erolcha for 2 turns
  9797 | D:9      | Noticed Erica
  9866 | D:9      | Killed Erica
  9892 | D:9      | Killed a six-headed hydra
 10052 | D:9      | Killed Erolcha
 10129 | D:9      | Found a burning altar of Makhleb.
 10137 | D:9      | Became a worshipper of Makhleb the Destroyer
 10137 | D:9      | Reached * piety under Makhleb
 10137 | D:9      | Reached ** piety under Makhleb
 10557 | D:10     | Entered Level 10 of the Dungeon
 10623 | D:10     | Reached XP level 12. HP: 43/105 MP: 19/19
 10855 | D:10     | Reached skill level 13 in Unarmed Combat
 11440 | D:10     | Noticed a two-headed ogre
 11454 | D:10     | Killed a two-headed ogre
 11454 | D:10     | Reached skill level 10 in Fighting
 11757 | D:10     | Identified the +3 leather armour of Untold Secrets {rElec
                  | Int+4}
 11770 | D:10     | Reached *** piety under Makhleb
 12342 | D:10     | Found a staircase to the Orcish Mines.
 13133 | Lair:1   | Entered Level 1 of the Lair of Beasts
 14610 | Lair:2   | Reached skill level 1 in Shields
 14710 | Lair:2   | Found a hole to the Spider Nest.
 14739 | Lair:2   | HP: 2/107 [jumping spider (10)]
 14740 | Lair:2   | Mangled by a jumping spider

Illustrated notes

Levels and vault maps discovered:
D:1:      kilobyte_arrival_exit_the_forest, layout_basic
D:2:      layout_loops_ring, first_ration
D:3:      layout_basic, xom_butterflies, grunt_ministairs_9, uniq_natasha,
          uniq_ijyb
D:4:      layout_rooms, gammafunk_temple_overflow_claw, serial_shops, shop,
          nicolae_underground_beach
D:5:      layout_basic, nicolae_ossuary_entry_catacombs, uniq_pikel, uniq_edmund
D:6:      layout_rooms, tso_oasis_becter, temple_statues, uniq_prince_ribbit1
D:7:      layout_loops_corners, serial_shops, nicolae_shop_stone,
          nrook_loot_triangle
D:8:      layout_rooms, nicolae_ru_path_of_blood, due_lair_maze_entry_diamond,
          blue_anna_alchemist [blue_anna_fruit_fields, blue_anna_fruit_fields],
          kennysheep_decorative_pillar, grunt_decor_mini_mirrors,
          cheibrodos_worm_habitat, uniq_joseph
D:9:      layout_rooms, makhleb_grotto_becter, kennysheep_minor_cross,
          grunt_decor_cap, st_stairs_3, hive_lemuel, uniq_erica, uniq_erolcha
D:10:     layout_small_grid, erik_orc_2
D:11:     layout_roguey
Temple:   nicolae_temple_no_exploring_needed
Lair:1:   layout_roguey, grunt_megastairs_3
Lair:2:   layout_roguey, spider_nest_entry_funnel_web, st_stairs_6,
          chequers_serial_rivers_room_a, minmay_lair_oklob_chamber

Skill      XL: |  1  2  3  4  5  6  7  8  9 10 11 12 |
---------------+-------------------------------------+-----
Unarmed Combat | 4 5 6 7 10 11 12 13 | 13.4
Fighting       | 4 5 7 8 9 10 | 10.6
Armour         | 1 2 3 4 5 6 7 8 |  8.1
Invocations    | 10 11 12 | 12.5
Shields        | 1 |  1.2
Dodging        | |  2.6
Stealth        | |  2.1

Action                   |  1- 3 |  4- 6 |  7- 9 | 10-12 || total
-------------------------+-------+-------+-------+-------++-------
Melee: Unarmed           |    58 |   300 |   448 |   653 ||  1459
       Punch             |       |     5 |    16 |    22 ||    43
Invok: Lesser Servant of |       |       |       |     2 ||     2
Evoke: Wand              |       |       |       |    11 ||    11
  Use: Scroll            |       |     8 |     5 |    14 ||    27
       Potion            |       |       |       |     2 ||     2
 Stab: Sleeping          |     2 |       |       |       ||     2
  Eat: Chunk             |     1 |    10 |    11 |    31 ||    53
       Ration            |       |       |     1 |       ||     1
Armor: Robe              |    11 |       |       |       ||    11
       Chain mail        |     2 |   113 |       |       ||   115
       Plate armour      |       |    87 |   185 |   466 ||   738
Dodge: Dodged            |    32 |    98 |   106 |   234 ||   470
Block: Kite shield       |       |       |       |    33 ||    33
       Other             |       |       |       |     7 ||     7
